 Dungeon Crawl Stone Soup version 0.29-a0-757-g358383b (webtiles) character file.

Game seed: 1601924438715011743

39 Illumine the Ruffian (level 3, 0/36 HPs)
             Began as a Troll Cinder Acolyte on June 30, 2022.
             Was a High Priest of Ignis.
             Slain by a gnoll
             ... wielding a +0 spear
              (3 damage)
             ... on level 2 of the Dungeon.
             The game lasted 00:01:43 (1108 turns).

Illumine the Ruffian (Troll Cinder Acolyte)         Turns: 1108, Time: 00:01:44

Health: 0/36       AC: 11    Str: 24    XL:     3   Next: 26%
Magic:  3/3        EV:  7    Int: 10    God:    Ignis [*****.]
Gold:   6          SH:  5    Dex:  5    Spells: 4/4 levels left

rFire   + . .      SeeInvis .     - Unarmed
rCold   . . .      Faith    .   f - +0 kite shield
rNeg    . . .      Spirit   .   b - +0 robe
rPois   .          Reflect  .   (helmet restricted)
rElec   .          Harm     .   (no cloak)
rCorr   .          Rampage  .   (gloves unavailable)
Will    .....                   (boots unavailable)
Stlth   +.........              (no amulet)
HPRegen 0.92/turn               (no ring)
MPRegen 0.08/turn               (no ring)

@: fiery-armoured
A: large, unfitting armour, claws 3, regeneration 1, shaggy fur 1, tough skin 1
a: Renounce Religion, Fiery Armour, Foxfire Swarm, Rising Flame


You were on level 2 of the Dungeon.
You worshipped Ignis.
Ignis was extremely pleased with you.
You visited 1 branch of the dungeon, and saw 2 of its levels.

You collected 6 gold pieces.

Inventory:

Hand Weapons
 a - a -1 falchion of flaming
Armour
 b - a +0 robe (worn)
 f - a +0 kite shield (worn)
Scrolls
 d - a scroll of teleportation {unknown}
 e - a scroll of acquirement {unknown}
 i - a scroll of identify {unknown}
 j - a scroll of vulnerability {unknown}
Potions
 c - 2 potions of curing {unknown}
 g - a potion of mutation {unknown}
 h - a potion of magic {unknown}


   Skills:
 - Level 2.4 Fighting
 - Level 2.4 Long Blades
 + Level 0.9 Shields
 * Level 2.6 Unarmed Combat
 - Level 1.0 Spellcasting
 - Level 2.1 Fire Magic


You had 4 spell levels left.
You didn't know any spells.
Your spell library contained the following spells:

 Spells                   Type           Power      Damage    Failure   Level
 Scorch                   Fire           8%         2d5       50%         2


Dungeon Overview and Level Annotations

Branches:
Dungeon (2/15)

Altars:

Shops:
D:1 ?=?**


Innate Abilities, Weirdness & Mutations

You are too large for most types of armour.
You have claws for hands.
Your natural rate of healing is unusually fast.
You are covered in fur. (AC +1)
You have tough skin. (AC +1)


Message History

Increase (S)trength, (I)ntelligence, or (D)exterity?
You feel stronger. x3
The dart slug launches a dart at you. The slug dart hits you.
The dart slug launches a dart at you. You block the slug dart.
Things that are here:
a +0 whip; a gnoll corpse You block the dart slug's attack.
You claw the dart slug!
The dart slug is almost dead.
A gnoll comes into view. It is wielding a +0 spear.
The dart slug launches a dart at you. The slug dart hits you.
The gnoll shouts!
You scratch the dart slug.
You kill the dart slug!
You barely miss the gnoll.
The gnoll hits you from afar with a +0 spear.
The gnoll hits you with a +0 flail.
Things that are here:
a +0 whip; a gnoll corpse You barely miss the gnoll.
The gnoll hits you with a +0 flail.
You barely miss the gnoll. You block the gnoll's attack.
You scratch the gnoll.
The gnoll is heavily wounded.
The gnoll hits you from afar with a +0 spear!
The gnoll hits you with a +0 flail. The gnoll attacks as you move away!
You block the gnoll's attack.
You barely miss the gnoll.
The gnoll is heavily wounded.
The gnoll closely misses you. The gnoll hits you with a +0 flail!
* * * LOW HITPOINT WARNING * * *
You block the gnoll's attack.
The gnoll hits you from afar with a +0 spear.
* * * LOW HITPOINT WARNING * * *
Okay, then.
A protective cloak of flame settles atop you.
The gnoll hits you from afar with a +0 spear.
You die...

.............# #
.............#
#########
.............#
#<.......
######+#'#....##
#########
###....#.#.#......
...............>...
................####
........##.#######
........##ggg@...#
.......w########+#
##+####g# ?g# ..w.
..... .......
........ ..........


You could see 3 gnolls.

Vanquished Creatures
  A gnoll (D:2)
  3 dart slugs
  3 endoplasms (D:1)
  3 giant cockroaches (D:1)
  2 goblins (D:1)
  2 jackals (D:1)
  A kobold (D:1)
  2 ball pythons (D:1)
  3 bats (D:1)
  A frilled lizard (D:1)
21 creatures vanquished.

Notes
Turn   | Place    | Note
-------+----------+-------------------------------------------
     0 | D:1      | Illumine the Troll Cinder Acolyte began the quest for the
                  | Orb.
     0 | D:1      | Reached XP level 1. HP: 22/22 MP: 1/1
    58 | D:1      | Reached skill level 1 in Unarmed Combat
    88 | D:1      | Found Horiaxie's Assorted Antiques.
    98 | D:1      | Reached XP level 2. HP: 29/29 MP: 2/2
   220 | D:1      | Found Toys's Magic Scroll Boutique.
   300 | D:1      | Found Yboabludie's Magic Scroll Emporium.
   454 | D:1      | Found Zuvuuf's Jewellery Emporium.
   689 | D:1      | Found Noderch's Assorted Antiques.
  1095 | D:2      | Reached XP level 3. HP: 30/36 MP: 3/3
  1108 | D:2      | Slain by a gnoll

Illustrated notes

Levels and vault maps discovered:
D:1:      evilmike_arrival_plus, layout_loops_corners, serial_shops, shop, shop,
          nicolae_shop_behind_doors, shop_statue, shop, serial_forest,
          infiniplex_forest_lined_4_way, infiniplex_forest_straight_5,
          infiniplex_forest_side_room, infiniplex_forest_end_2,
          infiniplex_forest_clump_tiny, infiniplex_forest_zigzag_1,
          infiniplex_forest_clump_long,
          shapermc_ecumenical_altar_mp_urbaneastern
D:2:      layout_basic, minmay_statues_item

Skill      XL: |  1  2 |
---------------+-------+-----
Unarmed Combat | 1 2 |  2.6
Fighting       | |  2.4
Long Blades    | |  2.4
Shields        | |  0.9
Spellcasting   | |  1.0
Fire Magic     | |  2.1

Action                   || total
-------------------------++-------
Melee: Falchion          ||    43
       Unarmed           ||    37
Invok: Fiery Armour      ||     1
Armor: Robe              ||    41
Dodge: Dodged            ||    32
Block: Kite shield       ||    12

Table legend: (Time is in decaauts)
 A = Elapsed time spent in this place.
 B = Non-inter-level travel time spent in this place.
 C = Inter-level travel time spent in this place.
 D = Time resting spent in this place.
 E = Time spent auto-exploring this place.
 F = Levels seen in this place.
 G = Mean time per level.
                   A        B        C        D        E       F      G
               +--------+--------+--------+--------+--------+-----+--------+
         Total |   1119 |   1090 |     29 |      0 |    857 |   2 |  559.5 |
       Dungeon |   1119 |   1090 |     29 |      0 |    857 |   2 |  559.5 |
               +--------+--------+--------+--------+--------+-----+--------+

Top non-repeatable levels by time:
     D:1: 1020 daAuts
     D:2: 99 daAuts
